[Event "*** Titled Tuesday Blitz"]
[Site "Chess.com"]
[Date "2019.12.03"]
[Round "6"]
[White "wild_cat99"]
[Black "mitrabhaa"]
[Result "1/2-1/2"]
[WhiteElo "2413"]
[BlackElo "2638"]
[TimeControl "180+2"]
[EndTime "14:21:43 PST"]
[Termination "Game drawn by repetition"]

1. Nf3 c6 2. g3 d5 3. Bg2 Bg4 4. O-O Nd7 5. d4 Ngf6 6. Nbd2 e6 7.
c4 Be7 8. Qc2 O-O 9. e4 dxe4 10.
Nxe4 Nxe4 11. Qxe4 Bf5 12. Qe2 Nf6 13. Rd1 Qb6 14. b3 Rfd8 15. Bb2 a5 16. Nh4 Bg4 17. f3 Bh5 18. g4 Ne8 19. Nf5 Bf6 20. Ne3 Bg6 21. c5 Qa6 22. Nc4 Nc7 23. f4 Nb5 24. Qf2 a4 25. g5 Be7 26. h4 a3 27. Bc1 Bxc5 28. Be3 Bb4 29. Bf3 Nc3 30. Rdc1 Nd5 31. Bd2 Bxd2 32. Qxd2 Bf5 33. Bxd5 Rxd5 34. Ne3 Rd7 35.
Nxf5 exf5 36. Rc5 g6 37. Re5 Rad8 38. Qe3 Qa8 39. Rd1 h5 40. gxh6 Kh7 41. h5 Qb8 42. hxg6+ fxg6 43. Re7+ Rxe7 44. Qxe7+ Kxh6 45. Qg5+ Kg7 46.
Qe7+ Kg8 47. Qe6+ Kg7 48. Qe7+ Kg8 49. Qe6+ Kg7 50. Qe7+ 1/2-1/2

[Event "*** Titled Tuesday Blitz"]
[Site "Chess.com"]
[Date "2019.12.03"]
[Round "6"]
[White "Faustregel"]
[Black "MITerryble"]
[Result "1-0"]
[WhiteElo "2760"]
[BlackElo "2859"]
[TimeControl "180+2"]
[EndTime "14:21:44 PST"]
[Termination "Faustregel won by resignation"]

1. e4 e6 2. d4 d5 3. Nc3 Nf6 4. e5 Nfd7 5. f4 c5 6. Nf3 Nc6 7. Be3 Be7 8. Be2 O-O 9. Qd2 b6 10. O-O f5 11. Rad1 Bb7 12. Bf2 cxd4 13. Nb5 Nc5 14.
Nbxd4 Ne4 15. Qc1 Nxd4 16. Nxd4 Qd7 17. Bb5 Qc8 18. Be3 Bc5 19. Bd3 a6 20. a3 b5 21. Rfe1 Kh8 22. c3 Ba7 23. Nf3 Bb8 24. Qc2 Bc7 25. Qe2 Qe8 26. Rf1 Bd8 27. Nd4 Rg8 28.
Kh1 g5 29. fxg5 Bxg5 30. Bxg5 Rxg5 31. Qe3 Qg6 32. Bxe4 dxe4 33. Nxe6 Qxe6 34. Qxg5 Rg8 35. Rd8 e3 36. Rfd1 h6 37. Rxg8+ Qxg8 38. Qxh6+ Qh7 1-0

[Event "*** Titled Tuesday Blitz"]
[Site "Chess.com"]
[Date "2019.12.03"]
[Round "6"]
[White "ElGasanov"]
[Black "AryanTari"]
[Result "0-1"]
[WhiteElo "2677"]
[BlackElo "2850"]
[TimeControl "180+2"]
[EndTime "14:21:44 PST"]
[Termination "AryanTari won by resignation"]

1. Nf3 d5 2. d4 Nf6 3. c4 dxc4 4. e3 b5 5. b3 cxb3 6. Bxb5+ c6 7. Bc4 bxa2 8. Nc3 e6 9. O-O Be7 10. e4 O-O 11. Rxa2 a5 12. e5 Nd5 13.
Ne4 Ba6 14. Qe2 Bxc4 15. Qxc4 Qb6 16. Bg5 Qb5 17. Qc1 Nd7 18. Rb2 Ba3 19. Rxb5 Bxc1 20. Rb7 Bxg5 21. Nfxg5 N7b6 22. Nd6 a4 23. Ngxf7 h6 24. g4 a3 25. g5 Rfb8 26. Rxb8+ Rxb8 27. gxh6 a2 28. Ra1 Nc3 29. Ng5 gxh6 30. Nxe6 Nbd5 0-1

[Event "*** Titled Tuesday Blitz"]
[Site "Chess.com"]
[Date "2019.12.03"]
[Round "6"]
[White "MateusViageiro"]
[Black "SmirnovAlexandrA"]
[Result "1-0"]
[WhiteElo "2197"]
[BlackElo "2263"]
[TimeControl "180+2"]
[EndTime "14:21:44 PST"]
[Termination "MateusViageiro won by resignation"]

1. e4 c5 2. Nf3 d6 3. d4 cxd4 4. Nxd4 Nf6 5. Nc3 a6 6. Be3 e5 7.
Nb3 Be6 8. f3 Be7 9. Qd2 O-O 10. O-O-O Nbd7 11. g4 b5 12. g5 b4 13.
Nd5 Nxd5 14. exd5 Bf5 15. h4 a5 16. Bd3 Bxd3 17. Qxd3 a4 18. Nd2 Qc7 19. Kb1 Nc5 20. Bxc5 Qxc5 21. Ne4 Qb6 22. h5 b3 23. cxb3 axb3 24.
a3 Rfc8 25. Rc1 Rxc1+ 26. Rxc1 Rb8 27. g6 fxg6 28. hxg6 hxg6 29. Nc3 Kf7 30. f4 Qd4 31. Qh3 exf4 32. Qe6+ Kf8 33. Rh1 Bh4 34. Qxd6+ Kf7 35. Qxb8 Bf6 36. Qxb3 Qd3+ 37. Ka2 Bxc3 38. bxc3 Qd2+ 39.
Ka1 f3 40. Rd1 Qe2 41. d6+ Kf6 42. d7 1-0

[Event "*** Titled Tuesday Blitz"]
[Site "Chess.com"]
[Date "2019.12.03"]
[Round "6"]
[White "resha1988"]
[Black "enriquetejedor"]
[Result "1-0"]
[WhiteElo "2744"]
[BlackElo "2463"]
[TimeControl "180+2"]
[EndTime "14:21:48 PST"]
[Termination "resha1988 won by checkmate"]

1. d4 Nf6 2. Nc3 e6 3. e4 d5 4. Bg5 Bb4 5. exd5 Qxd5 6. Nf3 Ne4 7. Bd2 Nxd2 8. Qxd2 Qa5 9. Bd3 c5 10. dxc5 Nd7 11. O-O O-O 12. Rfe1 Nxc5 13. Re5 Qc7 14.
Bxh7+ Kxh7 15. Rh5+ Kg8 16. Nb5 Qa5 17. c3 Nb3 18.
Qf4 Nxa1 19. Ng5 g6 20. Qf6 gxh5 21. Qh6 Rd8 22. Qh7+ Kf8 23. Qxf7# 1-0

[Event "*** Titled Tuesday Blitz"]
[Site "Chess.com"]
[Date "2019.12.03"]
[Round "6"]
[White "LimeInTheCoconut"]
[Black "Bagirova"]
[Result "1-0"]
[WhiteElo "2350"]
[BlackElo "2113"]
[TimeControl "180+2"]
[EndTime "14:21:48 PST"]
[Termination "LimeInTheCoconut won by resignation"]

1. Nf3 Nf6 2. c4 e6 3. Nc3 c5 4. g3 a6 5. Bg2 Be7 6. O-O O-O 7.
d4 Nc6 8. d5 exd5 9. cxd5 Nd4 10.
Nxd4 cxd4 11. Qxd4 d6 12. e4 Nd7 13. Be3 Bf6 14.
Qd2 Ne5 15. b3 Bd7 16. Rac1 Rc8 17. f3 b5 18. Ne2 a5 19. h3 b4 20. f4 Ng6 21. Nd4 a4 22. Qxb4 axb3 23. axb3 Rxc1 24. Rxc1 Qe7 25. Nc6 Bxc6 26. Rxc6 Rd8 27. Kh2 h5 28.
Qd2 h4 29. g4 Rb8 30. g5 Be5 31. fxe5 Qxe5+ 32. Kh1 Rxb3 33. Rc8+ Kh7 34. Qd1 Rb1 35.
Qxb1 Ne7 36. Re8 Qg3 37. Rxe7 Qxe3 38. e5+ 1-0

[Event "*** Titled Tuesday Blitz"]
[Site "Chess.com"]
[Date "2019.12.03"]
[Round "6"]
[White "norwaytoadog"]
[Black "vovachesss"]
[Result "0-1"]
[WhiteElo "2276"]
[BlackElo "2548"]
[TimeControl "180+2"]
[EndTime "14:21:53 PST"]
[Termination "vovachesss won by resignation"]

1. e4 e5 2. Nf3 d5 3. Nxe5 Bd6 4. d4 dxe4 5. Bf4 Nf6 6. Nc3 O-O 7. Bc4 Nc6 8. O-O Qe7 9. Bg3 Nxe5 10. dxe5 Bxe5 11. Re1 Rd8 12. Qe2 Bxg3 13. hxg3 Bf5 14. Qe3 c6 15. f3 Qb4 16. g4 Qxc4 17. gxf5 exf3 18. Qxf3 Rd2 19.
Rad1 Rad8 20. Rxd2 Rxd2 21. Qe3 Rd8 22. Ne4 Nxe4 23.
Qxe4 Qxe4 24. Rxe4 Kf8 25. Kf1 Rd2 26. Rb4 b6 27. c4 c5 28. Rb5 Ke7 29. a4 Kd6 30. a5 Kc6 31. axb6 axb6 32. b4 Rc2 33. bxc5 bxc5 34. Rb8 Rxc4 35. g3 Rg4 36. Kf2 Rg5 37. g4 Rxg4 38. Kf3 Rd4 39. Rf8 Rd7 40. Rh8 h6 41.
Rg8 g6 42. fxg6 fxg6 43. Rxg6+ Rd6 44. Rg8 c4 45. Rc8+ Kb5 46. Rb8+ Kc5 47. Ke4 c3 48. Rc8+ Kb4 49. Rb8+ Kc4 50. Rc8+ Kb3 51. Ke5 Rd1 52.
Rb8+ Ka2 53. Ke4 c2 54. Ra8+ Kb3 55. Rb8+ Ka4 56. Ra8+ Kb5 0-1

[Event "*** Titled Tuesday Blitz"]
[Site "Chess.com"]
[Date "2019.12.03"]
[Round "6"]
[White "DanielNaroditsky"]
[Black "HarutyunianTigranK"]
[Result "1-0"]
[WhiteElo "2996"]
[BlackElo "2767"]
[TimeControl "180+2"]
[EndTime "14:21:58 PST"]
[Termination "DanielNaroditsky won on time"]

1. Nf3 d5 2. g3 Nc6 3. d4 Bg4 4. Bg2 Qd7 5. h3 Bf5 6. c4 e6 7. Nc3 O-O-O 8. cxd5 exd5 9. Bf4 f6 10. g4 Be4 11. Rc1 g5 12. Bg3 a6 13. e3 h5 14.
Nxe4 dxe4 15. Nd2 Bb4 16. Bxe4 Nge7 17. a3 Bxd2+ 18. Kxd2 hxg4 19. hxg4 Rxh1 20. Bxh1 Kb8 21. Ke1 Ka8 22. Be4 Qe6 23. Qf3 Nxd4 24. Bxb7+ Ka7 25. Qe4 Qb6 26. Rxc7 Qxb2 27. Bd5+ Kb6 28. Rb7+ 1-0

[Event "*** Titled Tuesday Blitz"]
[Site "Chess.com"]
[Date "2019.12.03"]
[Round "6"]
[White "Kislov_Oleg"]
[Black "dusanacns"]
[Result "0-1"]
[WhiteElo "2508"]
[BlackElo "2690"]
[TimeControl "180+2"]
[EndTime "14:21:59 PST"]
[Termination "dusanacns won by checkmate"]

1. e4 e5 2. Nf3 d6 3. d4 exd4 4. Qxd4 a6 5. Nc3 Nc6 6. Qe3 g6 7. Bc4 Bg7 8. Bd2 Nf6 9. h3 O-O 10. O-O-O b5 11. Bb3 Na5 12. g4 Nxb3+ 13. axb3 b4 14.
Ne2 Re8 15. Ng3 Bb7 16. e5 Nd5 17. Qd3 dxe5 18. Ne4 Nf4 19. Bxf4 exf4 20. Qc4 Bxe4 21. Rxd8 Raxd8 22. Re1 Bxf3 23. Rxe8+ Rxe8 24. Qxb4 Rd8 25.
Kb1 Be5 26. Ka2 Bd6 27. Qc4 Re8 28. b4 Re4 29. Qxa6 Rxb4 30. Qc8+ Kg7 31. g5 Bd5+ 32. b3 Be5 33. Qd8 Ra4+ 34. Kb1 Ra1# 0-1

[Event "*** Titled Tuesday Blitz"]
[Site "Chess.com"]
[Date "2019.12.03"]
[Round "6"]
[White "aa175"]
[Black "RiskyDecision"]
[Result "0-1"]
[WhiteElo "2344"]
[BlackElo "2525"]
[TimeControl "180+2"]
[EndTime "14:22:01 PST"]
[Termination "RiskyDecision won by resignation"]

1. d4 f5 2. c4 Nf6 3. Nc3 d6 4. h4 e5 5. dxe5 dxe5 6. Qxd8+ Kxd8 7. Bg5 c6 8. Nf3 Bd6 9. O-O-O Ke7 10. e4 f4 11. h5 Bg4 12. h6 Nd7 13. hxg7 Rhg8 14. c5 Bxc5 15. Rxh7 Kf7 16. Bc4+ Kg6 17. Bxg8 Nxh7 18.
Bxh7+ Kxh7 19. Rxd7 Bxd7 20. Nxe5 Be6 21. Nd3 Bd4 22.
Nxf4 Bf7 23. f3 Kxg7 24. Nfe2 Bc5 25. e5 Bg6 26. Bf6+ Kf7 27. Ne4 Bxe4 28. fxe4 Rg8 29. Nf4 Be3+ 0-1

[Event "*** Titled Tuesday Blitz"]
[Site "Chess.com"]
[Date "2019.12.03"]
[Round "6"]
[White "tteshan"]
[Black "ChainsOfFantasia"]
[Result "0-1"]
[WhiteElo "2347"]
[BlackElo "2512"]
[TimeControl "180+2"]
[EndTime "14:22:07 PST"]
[Termination "ChainsOfFantasia won by resignation"]

1. e4 e6 2. d4 d5 3. exd5 exd5 4. Nc3 Nc6 5. Nf3 Nf6 6. Bd3 Bg4 7. Be2 Be7 8. O-O O-O 9. h3 Bh5 10. Bf4 Re8 11.
Ne5 Bxe2 12. Nxe2 Nxe5 13. dxe5 Ne4 14. Qd3 Nc5 15. Qg3 Ne6 16. Be3 c6 17. f4 f5 18.
Nd4 Nxd4 19. Bxd4 Bh4 20. Qd3 Qd7 21. g3 Bd8 22. Rae1 Qe6 23. Qf3 Bb6 24. c3 Rad8 25. Kh2 Rd7 26. g4 Rf8 27. Bxb6 axb6 28. Rg1 d4 29. b3 fxg4 30. hxg4 dxc3 31. f5 Qh6+ 32. Kg3 Rfd8 33. Rh1 Qd2 34. Qf2 Rd3+ 35. Kg2 Qg5 36. Qh4 Rd2+ 0-1

[Event "*** Titled Tuesday Blitz"]
[Site "Chess.com"]
[Date "2019.12.03"]
[Round "6"]
[White "Bad4life"]
[Black "Caisachess"]
[Result "1-0"]
[WhiteElo "2403"]
[BlackElo "2249"]
[TimeControl "180+2"]
[EndTime "14:22:08 PST"]
[Termination "Bad4life won by resignation"]

1. e4 e5 2. Nf3 Nc6 3. Bb5 f5 4. d3 fxe4 5. dxe4 Nf6 6. Nc3 Bb4 7. Qe2 Bxc3+ 8. bxc3 d6 9. Bc4 Na5 10. Bb5+ Nc6 11. Qc4 Bd7 12. Rb1 Qe7 13. Bg5 h6 14. Nh4 Qe6 15. Ng6 Rg8 16. Be3 Kf7 17. Nh4 a6 18.
Qxe6+ Bxe6 19. Bd3 Nd8 20. c4 b6 21. O-O a5 22. g3 Ng4 23. Bd2 g5 24. Nf5 Bxf5 25. exf5 Nf6 26. Rfe1 Rb8 27. c5 Nc6 28. Bc4+ d5 29.
Bb5 Nd4 30. Kg2 bxc5 31. Bf1 Ne4 32. Rxe4 dxe4 33. Bc4+ Kf6 34. Re1 Rgd8 35. Bxa5 Rd7 36.
Rxe4 Nxc2 37. Be6 Rd4 38. Re2 Nb4 39. Bxc7 1-0

[Event "*** Titled Tuesday Blitz"]
[Site "Chess.com"]
[Date "2019.12.03"]
[Round "6"]
[White "HrvojeZagreb"]
[Black "bluejay1897"]
[Result "1-0"]
[WhiteElo "2225"]
[BlackElo "2367"]
[TimeControl "180+2"]
[EndTime "14:22:08 PST"]
[Termination "HrvojeZagreb won by checkmate"]

1. d4 Nf6 2. Bf4 e6 3. e3 c5 4. c3 Nc6 5. Nd2 d5 6. Ngf3 Bd6 7. Bg3 O-O 8. Ne5 Qc7 9. f4 Ne7 10. Bd3 Nf5 11. Bxf5 exf5 12. Bh4 Ne4 13. Nxe4 dxe4 14. Nc4 cxd4 15. Nxd6 Qxd6 16. Qxd4 Qa6 17. c4 Be6 18. b3 Qa5+ 19. Ke2 f6 20. Rhd1 Rfd8 21. Qb2 Qb6 22. Rd4 Kf7 23. Rad1 Ke7 24. Be1 Bf7 25. Qa3+ Ke8 26.
Ba5 Bh5+ 27. Kf2 Rxd4 28. Rxd4 Qe6 29. Qa4+ Kf7 30. Qd7+ Qe7 31. Bb4 Qxd7 32. Rxd7+ Ke6 33. Rxg7 Rd8 34. Rxh7 Bd1 35. Rxb7 Bc2 36. Re7# 1-0

[Event "*** Titled Tuesday Blitz"]
[Site "Chess.com"]
[Date "2019.12.03"]
[Round "6"]
[White "nitpicker"]
[Black "chiwii"]
[Result "1-0"]
[WhiteElo "2302"]
[BlackElo "1967"]
[TimeControl "180+2"]
[EndTime "14:22:08 PST"]
[Termination "nitpicker won by resignation"]

1. d4 Nf6 2. c4 g6 3. Nc3 Bg7 4.
e4 d6 5. Be2 O-O 6. Nf3 e5 7.
O-O Nc6 8. d5 Ne7 9. b4 Nh5 10.
g3 f5 11. Ng5 h6 12. Ne6 Bxe6 13. dxe6 Nf6 14. f3 Qc8 15. Nd5 Nfxd5 16. cxd5 Kh7 17.
Be3 a5 18. a3 axb4 19. axb4 Rxa1 20. Qxa1 c6 21. Rc1 Qd8 22. Qa2 f4 23. Bf2 fxg3 24.
hxg3 Rf6 25. Kg2 g5 26. Be3 cxd5 27. exd5 Nf5 28. Bd3 Kh8 29. Bf2 Ne7 30. Be4 Qf8 31.
Be3 Qe8 32. Rc7 Bf8 33. Qa5 Qh5 34. g4 Qh4 35. Bf2 1-0

[Event "*** Titled Tuesday Blitz"]
[Site "Chess.com"]
[Date "2019.12.03"]
[Round "6"]
[White "Parhamov"]
[Black "rasmussvane"]
[Result "1-0"]
[WhiteElo "3097"]
[BlackElo "2827"]
[TimeControl "180+2"]
[EndTime "14:22:11 PST"]
[Termination "Parhamov won by resignation"]

1. Nf3 d5 2. c4 e6 3. g3 dxc4 4. Bg2 a6 5. O-O b5 6. d3 cxd3 7.
Ne5 Ra7 8. a4 Bd6 9. Nxd3 c6 10.
Nc3 Rd7 11. Ne4 Bc7 12. Qc2 Ne7 13. Nec5 Rd4 14. b3 O-O 15. Bb2 Rg4 16. Rfd1 Nd7 17.
Ne5 Bxe5 18. Bxe5 bxa4 19. bxa4 Qe8 20. Nxd7 Bxd7 21. e4 f6 22. Bd6 Rf7 23. Rab1 Nc8 24. Rb8 e5 25. Bc5 Rg6 26. Qd3 h5 27. Qxa6 Be6 28.
Bf1 Kh7 29. Bc4 Bxc4 30. Qxc4 Rd7 31. Qe2 Rxd1+ 32. Qxd1 Rh6 33. a5 h4 34. a6 hxg3 35. hxg3 Qe6 36. Qf3 Qa2 37. Qf5+ Rg6 38. Qxc8 Rxg3+ 39.
fxg3 Qa1+ 40. Kg2 Qd1 41. Qf5+ 1-0

[Event "*** Titled Tuesday Blitz"]
[Site "Chess.com"]
[Date "2019.12.03"]
[Round "6"]
[White "rogapa"]
[Black "OparinGrigoriy"]
[Result "1-0"]
[WhiteElo "2727"]
[BlackElo "2985"]
[TimeControl "180+2"]
[EndTime "14:22:13 PST"]
[Termination "rogapa won by resignation"]

1. e4 c6 2. d4 d5 3. e5 c5 4. dxc5 e6 5. Nf3 Bxc5 6. Bd3 Ne7 7. a3 Ng6 8. O-O Nc6 9. b4 b6 10. bxc5 bxc5 11. c4 Ncxe5 12. Nxe5 Nxe5 13. cxd5 Nxd3 14. Qxd3 Qxd5 15. Qg3 O-O 16. Nc3 Qd4 17. Rd1 Qf6 18. Bf4 Ba6 19. Be5 Qh6 20. Rd6 Bc4 21. Ne4 Rac8 22.
Bf4 Qg6 23. Qxg6 hxg6 24. Rc1 Bd5 25. Nxc5 Rfe8 26. h4 f6 27. f3 Ba2 28. Rd7 e5 29. Be3 a5 30. Rc2 Bf7 31. Rb2 Red8 32. Ra7 Rd1+ 33.
Kf2 f5 34. Rbb7 Rf8 35. Nd7 Bd5 36. Rc7 Re8 37. Nf6+ gxf6 38. Rg7+ Kh8 39. Rh7+ Kg8 40. Rag7+ Kf8 41. Bc5+ Re7 1-0

[Event "*** Titled Tuesday Blitz"]
[Site "Chess.com"]
[Date "2019.12.03"]
[Round "6"]
[White "Sankalp_Gupta2003"]
[Black "albi1999"]
[Result "0-1"]
[WhiteElo "2758"]
[BlackElo "2605"]
[TimeControl "180+2"]
[EndTime "14:22:13 PST"]
[Termination "albi1999 won by resignation"]

1. b3 e5 2. Bb2 Nc6 3. e3 Nf6 4. Bb5 Bd6 5. Ne2 O-O 6. O-O Re8 7. d3 Ne7 8. d4 e4 9. Ng3 c6 10.
Be2 Bc7 11. c4 d5 12. Nc3 a6 13. f3 exf3 14. Rxf3 Ng6 15. cxd5 cxd5 16. Qf1 Be6 17. Na4 Ng4 18. h3 Qh4 19. Qe1 Nf6 20. Nc5 Bc8 21. Rc1 Bd6 22. Qf2 b6 23. Nd3 Ne4 24. Nxe4 dxe4 25.
Rxf7 Qxf2+ 26. Rxf2 exd3 27. Bxd3 Rxe3 28. Bc4+ Be6 29. d5 Bf7 30. Rcf1 Re7 31. a4 Bc5 32. d6 Bxf2+ 33. Rxf2 Rd7 34. Rxf7 Rxf7 35. Bd4 b5 36. axb5 axb5 37. Bd5 Rd8 38. Bc5 Nf4 39. Bxf7+ Kxf7 40. b4 Ke6 0-1

[Event "*** Titled Tuesday Blitz"]
[Site "Chess.com"]
[Date "2019.12.03"]
[Round "6"]
[White "TigranLPetrosyan"]
[Black "Joshukid"]
[Result "1-0"]
[WhiteElo "2883"]
[BlackElo "2636"]
[TimeControl "180+2"]
[EndTime "14:22:17 PST"]
[Termination "TigranLPetrosyan won by resignation"]

1. g3 d5 2. Bg2 c6 3. Nf3 Nf6 4.
O-O g6 5. d3 Bg7 6. Nbd2 O-O 7.
e4 dxe4 8. dxe4 Bg4 9. Re1 Nbd7 10. h3 Bxf3 11. Qxf3 e6 12. Qe2 Qa5 13. e5 Nd5 14. Nf3 b5 15. h4 h6 16. Bd2 Qb6 17. Rad1 c5 18. h5 g5 19. Qe4 Rfe8 20. Bxg5 hxg5 21.
Nxg5 Nf8 22. Qg4 f5 23. exf6 Nxf6 24. Qh4 Rad8 25. h6 Ng6 26. Qh3 Bh8 27. Rxd8 Qxd8 28. Rxe6 Qd1+ 29. Bf1 Rf8 30. Qf5 Qh5 31. Bxb5 Qxh6 32.
Bc4 Kg7 33. Rc6 Ne7 34. Ne6+ Kf7 35. Rc7 Rb8 36. Nxc5+ Ke8 37. Rxe7+ Kxe7 38. Qe6+ Kd8 39. Qd6+ Ke8 40. Qxb8+ Ke7 41. Qc7+ Ke8 42. Bf7+ 1-0

[Event "*** Titled Tuesday Blitz"]
[Site "Chess.com"]
[Date "2019.12.03"]
[Round "6"]
[White "CzechmVIII"]
[Black "Sneakiest_Of_Snakes"]
[Result "1-0"]
[WhiteElo "2133"]
[BlackElo "1813"]
[TimeControl "180+2"]
[EndTime "14:22:17 PST"]
[Termination "CzechmVIII won on time"]

1. e4 c5 2. Nf3 d6 3. Nc3 Nf6 4. d4 cxd4 5. Nxd4 g6 6. Be3 Bg7 7. f3 O-O 8. Qd2 Nc6 9. Bc4 Bd7 10. h4 h5 11. O-O-O a6 12. Kb1 b5 13. Bb3 Rb8 14. g4 Ne5 15. gxh5 Nxh5 16. Rhg1 Nc4 17. Bxc4 bxc4 18. Ka1 Qb6 19. Rb1 Qb7 20. Nde2 Rfd8 21. Bd4 Bc6 22. Bxg7 Nxg7 23. Nf4 e6 24. h5 e5 25. Nfd5 Bxd5 26. Nxd5 Nxh5 27. Qg5 c3 28. Nxc3 Ng7 29. Nd5 Kf8 30. Qh6 1-0

[Event "*** Titled Tuesday Blitz"]
[Site "Chess.com"]
[Date "2019.12.03"]
[Round "6"]
[White "Alopekos"]
[Black "chessdjw"]
[Result "0-1"]
[WhiteElo "2489"]
[BlackElo "2672"]
[TimeControl "180+2"]
[EndTime "14:22:19 PST"]
[Termination "chessdjw won by resignation"]

1. e4 c5 2. Nc3 e6 3. Nge2 Nc6 4. d4 cxd4 5. Nxd4 Qc7 6. Be3 a6 7. Be2 Nf6 8. O-O Be7 9. f4 d6 10. Qe1 b5 11. a3 Nxd4 12. Bxd4 Bb7 13. Bd3 O-O 14.
Qg3 Rad8 15. Kh1 Bc6 16. e5 dxe5 17. Bxe5 Qb7 18. f5 Nh5 19. Qg4 Bf6 20. Rae1 Bxe5 21. Rxe5 Nf6 22. Qh3 exf5 23. Rexf5 Bd7 24. Qh4 Bxf5 25.
Rxf5 Rfe8 26. Rxf6 Rxd3 27. cxd3 gxf6 28. Ne4 Qc6 29.
Nxf6+ Qxf6 0-1

[Event "*** Titled Tuesday Blitz"]
[Site "Chess.com"]
[Date "2019.12.03"]
[Round "6"]
[White "Kawhi_Leonard2"]
[Black "Jbd735"]
[Result "0-1"]
[WhiteElo "2273"]
[BlackElo "2434"]
[TimeControl "180+2"]
[EndTime "14:22:21 PST"]
[Termination "Jbd735 won by resignation"]

1. e4 e5 2. Nf3 Nc6 3. Bb5 a6 4. Bxc6 dxc6 5. O-O f6 6. d4 exd4 7. Nxd4 c5 8. Ne2 Qxd1 9. Rxd1 Bd7 10. Nbc3 O-O-O 11. f3 Ne7 12. Nf4 Ng6 13. Ncd5 Ne5 14. b3 Bc6 15. Bb2 Bxd5 16. Nxd5 Bd6 17. Rd2 c4 18. Rad1 cxb3 19. axb3 Bc5+ 20. Kf1 c6 21. Bxe5 fxe5 22. Nc3 Rxd2 23. Rxd2 b5 24. Ke2 Kc7 25. Nd1 a5 26. Nb2 Ra8 27. c3 a4 28. b4 a3 29. Nd3 a2 30. Rd1 a1=Q 31. Rxa1 Rxa1 32. Nxc5 Ra2+ 33. Kf1 Rc2 34. Ne6+ Kd7 35. Nxg7 Rxc3 36. Nh5 Rc4 37. Nf6+ Ke6 38. Nxh7 Rxb4 39. h4 Rb1+ 40. Kf2 b4 41.
Ng5+ Kf6 42. f4 exf4 43. Nf3 b3 44. e5+ Kf5 45. h5 b2 0-1

[Event "*** Titled Tuesday Blitz"]
[Site "Chess.com"]
[Date "2019.12.03"]
[Round "6"]
[White "Bulldog167"]
[Black "Leonid_Starozhilov"]
[Result "1-0"]
[WhiteElo "2899"]
[BlackElo "2673"]
[TimeControl "180+2"]
[EndTime "14:22:22 PST"]
[Termination "Bulldog167 won by resignation"]

1. d4 Nf6 2. c4 g6 3. Nc3 Bg7 4.
e4 d6 5. h3 O-O 6. Be3 c5 7. Nf3 cxd4 8. Nxd4 Nc6 9. Be2 Bd7 10.
O-O a6 11. Rc1 Nxd4 12. Bxd4 Bc6 13. Qc2 Rc8 14. a4 a5 15. Rcd1 Nd7 16. Bxg7 Kxg7 17. Bg4 e6 18. Rxd6 Qc7 19. Rfd1 Rfd8 20. Qd2 Re8 21.
Rxd7 Bxd7 22. Qxd7 Qxc4 23. Be2 Qc5 24. Kf1 Red8 25.
Qxd8 Rxd8 26. Rxd8 Qb4 27. Rd2 h5 28. h4 Qb6 29. g3 Qb4 30. Kg2 Qb3 31. Bb5 Qb4 32.
Re2 Qb3 33. e5 Qb4 34. Ne4 Qd4 35. Ng5 Qd5+ 36. Re4 b6 37. Kh2 Qd2 38. Rf4 Qxb2 39. Rxf7+ Kg8 40. Bd3 Qxe5 41. Bxg6 b5 42. Bh7+ Kh8 43.
Rb7 Qc5 44. Rb8+ 1-0

[Event "*** Titled Tuesday Blitz"]
[Site "Chess.com"]
[Date "2019.12.03"]
[Round "6"]
[White "TST2014"]
[Black "Manukyan_Artak"]
[Result "0-1"]
[WhiteElo "2496"]
[BlackElo "2355"]
[TimeControl "180+2"]
[EndTime "14:22:26 PST"]
[Termination "Manukyan_Artak won on time"]

1. d4 Nf6 2. c4 e6 3. Nf3 b6 4. a3 Bb7 5. Nc3 Ne4 6. Nxe4 Bxe4 7. Nd2 Bb7 8. e4 c5 9. d5 e5 10. h4 d6 11. h5 Nd7 12. Be2 Be7 13. Bg4 Bg5 14. Nf3 Bxc1 15. Qxc1 Nf6 16. Qg5 h6 17. Qh4 Nxe4 18. Qh3 Bc8 19. O-O O-O 20. Bf5 Ng5 21. Qg4 Nxf3+ 22. Qxf3 Qg5 23. Bxc8 Raxc8 24. a4 a5 25. Ra3 f5 26. Rb3 Rb8 27. Re1 Rb7 28. Rb5 e4 29. Qh3 Re8 30. Qh2 Re5 31. Qh3 Kh7 0-1

[Event "*** Titled Tuesday Blitz"]
[Site "Chess.com"]
[Date "2019.12.03"]
[Round "6"]
[White "HanSchut"]
[Black "Vugar_Manafov"]
[Result "1/2-1/2"]
[WhiteElo "2325"]
[BlackElo "2499"]
[TimeControl "180+2"]
[EndTime "14:22:30 PST"]
[Termination "Game drawn by repetition"]

1. e4 Nf6 2. Nc3 d5 3. exd5 Nxd5 4. Be2 c6 5. Nf3 Bg4 6. Ne4 Nd7 7. d4 e6 8. c4 N5f6 9. Nxf6+ Nxf6 10. Be3 Be7 11. O-O O-O 12. Qd2 Rc8 13. Rfd1 Re8 14. Qc2 Bf5 15.
Qb3 Qb6 16. Qxb6 axb6 17. Ne5 Red8 18. f3 c5 19. g4 Bc2 20. Rd2 cxd4 21. Rxd4 Bc5 22.
Rxd8+ Rxd8 23. Kf2 Nd7 24. Nxd7 Rxd7 25. Rc1 Bg6 26. Rd1 Rxd1 27. Bxd1 Kf8 28. Be2 Ke7 29.
a3 Kd6 30. b4 Bxe3+ 31. Kxe3 e5 32. Bd3 Bxd3 33. Kxd3 f6 34. Ke4 Ke6 35. a4 g6 36.
h3 f5+ 37. Kd3 h5 38. g5 Kd6 39. Ke3 Kc6 40. h4 Kd6 41. Kd3 Kd7 42. Ke3 Ke6 43. Kd3 Kd7 44. Ke3 Kd6 45. Kd3 Ke6 46. Ke3 Ke7 47.
Kd3 Kd6 48. Ke3 Ke6 49. Kd3 Kd6 50. Ke3 Ke6 1/2-1/2

[Event "*** Titled Tuesday Blitz"]
[Site "Chess.com"]
[Date "2019.12.03"]
[Round "6"]
[White "x-3738459472"]
[Black "Eloist"]
[Result "0-1"]
[WhiteElo "2532"]
[BlackElo "2401"]
[TimeControl "180+2"]
[EndTime "14:22:33 PST"]
[Termination "Eloist won by resignation"]

1. e4 e6 2. d4 d5 3. Nd2 Nf6 4. e5 Nfd7 5. Bd3 c5 6. c3 b6 7. Qe2 cxd4 8. cxd4 Nc6 9. Ngf3 Nb4 10. O-O Nxd3 11. Qxd3 a5 12. Re1 Ba6 13. Qe3 Bb4 14.
a3 Be7 15. Nf1 Bxf1 16. Rxf1 O-O 17. Bd2 b5 18. Rac1 Nb6 19. Qd3 Nc4 20. Rb1 Rc8 21. Rfc1 h6 22. g3 Qb6 23. Kg2 Rc6 24. Be1 Rfc8 25. Qe2 a4 26. Bc3 b4 27. axb4 Bxb4 28. Bxb4 Qxb4 29. Qd3 Nxb2 30. Rxc6 Rxc6 31. Qe2 a3 32.
Ne1 Qb3 33. h4 Qc3 34. Qb5 Rc8 35. Qa6 Rb8 36. Nf3 Rb3 37. Qa8+ Kh7 38. Ng1 Qxd4 39. Ra1 Nc4 40. Ra2 Rb2 41. Rxb2 axb2 42. Qb8 Qe4+ 0-1

[Event "*** Titled Tuesday Blitz"]
[Site "Chess.com"]
[Date "2019.12.03"]
[Round "6"]
[White "Elyon2000"]
[Black "Dhaydon19"]
[Result "0-1"]
[WhiteElo "2374"]
[BlackElo "2637"]
[TimeControl "180+2"]
[EndTime "14:22:36 PST"]
[Termination "Dhaydon19 won by resignation"]

1. d4 Nf6 2. c4 b6 3. Nc3 Bb7 4. f3 d5 5. cxd5 Nxd5 6. e4 Nxc3 7. bxc3 e6 8. Bd3 Nd7 9. Ne2 Be7 10. O-O O-O 11.
a4 c5 12. Be3 Rc8 13. Qd2 f5 14. Nf4 Rc6 15. Bb5 Rd6 16. e5 Nxe5 17. Qa2 cxd4 18.
cxd4 Nf7 19. Nxe6 Bd5 20. Nxd8 Bxa2 21. Rxa2 Rfxd8 22. Bc4 Bf6 23. Re1 Kf8 24. a5 Bxd4 25. Bxd4 Rxd4 26. Bxf7 Kxf7 27. Rb1 Rd1+ 28. Rxd1 Rxd1+ 29. Kf2 b5 30. Rc2 Ke6 31. Rc5 Rd5 32. Rc7 a6 33. Rxg7 Rd2+ 34. Ke3 Ra2 35. Rxh7 Rxa5 36. h4 Ra4 37. h5 Kf6 38. g4 fxg4 39. fxg4 Rxg4 40.
Rh6+ Ke5 41. Rxa6 Rg3+ 42. Kd2 Kd4 43. h6 Rg2+ 44. Kc1 Rh2 45. Rg6 b4 46. Kb1 Kc3 47. Rg3+ Kc4 48. Rg4+ Kb3 49. Rg3+ Ka4 50. Rg6 Ka3 51.
Ra6+ Kb3 52. Rg6 Rh1+ 0-1

[Event "*** Titled Tuesday Blitz"]
[Site "Chess.com"]
[Date "2019.12.03"]
[Round "6"]
[White "xamax2000"]
[Black "maciek_92"]
[Result "0-1"]
[WhiteElo "2550"]
[BlackElo "2769"]
[TimeControl "180+2"]
[EndTime "14:22:44 PST"]
[Termination "maciek_92 won by resignation"]

1. e4 e5 2. Nf3 Nc6 3. Bb5 Nf6 4. d3 Bc5 5. Bxc6 dxc6 6. O-O O-O 7. Nxe5 Re8 8. Nf3 Bg4 9. h3 Bh5 10. Be3 Qe7 11.
Nbd2 Rad8 12. Re1 h6 13. Qc1 g5 14. Nh2 Bd6 15. Ndf1 c5 16. b3 Be5 17. Rb1 Qd6 18. g4 Bg6 19. Kg2 Nd7 20. Ng3 Bxg3 21. fxg3 Ne5 22. a4 f6 23. Rf1 Nxd3 24. cxd3 Qxd3 25. Kg1 Rxe4 26. Bf2 c4 27. bxc4 Rxc4 28. Qb2 Be4 29. Qb3 Qxb3 30. Rxb3 b6 31. a5 Rd2 32. axb6 axb6 33. Re1 Bd5 34. Rbe3 Rcc2 35. Re8+ Kf7 36. h4 gxh4 37. R8e7+ Kg6 38. Rf1 hxg3 0-1